Map: Selva profunda EE

Players

TATORREA

  • Race: Protoss Protoss
  • League: Gold
  • Spawn Location: 7:00

MrFercho

  • Race: Zerg Zerg
  • League: Gold
  • Spawn Location: 7:00

tigro

  • Race: Terran Terran
  • League: Bronze
  • Spawn Location: 7:00

DAMIANCA

  • Race: Terran Terran
  • League: Gold
  • Spawn Location: 1:00

XChiDO

  • Race: Terran Terran
  • League: Silver
  • Spawn Location: 3:00

ACR

  • Race: Protoss Protoss
  • League: Platinum
  • Spawn Location: 1:00

VOD

Have the link to the VOD?

Description

Time

  • Played on: Aug. 19, 2020, 9:09 p.m.
  • Length: 22:51
Show
View Real Time Build Order
Export as new Build Order

TATORREA Protoss 

Build Orders:  

Get SALT Encoding   

  12  0:02  Probe  
  13  0:15  Probe  
  14  0:25  Pylon  
  14  0:27  Probe  
  15  0:43  Probe  
  15  0:49  Gateway  
  16  0:55  Probe  
  17  1:05  Gateway  
  17  1:07  Probe  
  18  1:19  Probe  
  18  1:20  Assimilator  
  18  1:22  Pylon  
  19  1:29  Pylon  
  19  1:31  Probe  
  20  1:42  Cybernetics Core  
  20  1:43  Probe  
  20  1:54  Assimilator  
  20  1:55  Probe  
  21  2:02  Gateway  
  21  2:08  Probe  
  22  2:32  Twilight Council  
  22  2:33  Gateway  
  22  2:35  Forge  
  22  2:44  Probe  
  22  2:51  Warp Gate  
  23  2:56  Adept x2  
  27  2:58  Adept  
  27  3:02  Resonating Glaives (Chrono Boost)  
  29  3:26  Adept x2  
  33  3:28  Adept  
  33  3:31  Adept  
  37  3:44  Protoss Ground Weapons Level 1 (Chrono Boost)  
  37  3:56  Adept  
  39  5:01  Nexus  
  39  5:03  Pylon  
  39  5:06  Pylon  
  39  5:08  Pylon  
  39  5:12  Pylon  
  39  5:15  Pylon  
  39  5:21  Probe  
  40  5:33  Probe  
  41  5:45  Probe  
  38  5:58  Probe  
  39  6:10  Probe  
  32  6:24  Blink (Chrono Boost)  
  32  6:27  Protoss Ground Weapons Level 2 (Chrono Boost)  
  32  6:31  Probe x2  
  30  6:41  Stalker x4  
  30  6:43  Probe x2  
  40  6:55  Probe x2, Gateway  
  40  6:58  Gateway  
  40  7:00  Gateway  
  42  7:02  Gateway  
  42  7:07  Probe, Gateway  
  42  7:08  Probe  
  44  7:11  Stalker x2  
  44  7:15  Stalker  
  50  7:19  Probe  
  50  7:20  Probe, Stalker  
  54  7:30  Robotics Facility  
  54  7:32  Pylon  
  54  7:37  Probe, Pylon  
  54  7:38  Probe  
  56  7:49  Probe, Assimilator  
  56  7:50  Probe  
  58  7:53  Assimilator  
  58  8:00  Pylon  
  58  8:01  Probe  
  58  8:02  Probe, Pylon  
  60  8:09  Templar Archives  
  60  8:13  Probe  
  60  8:14  Probe  
  60  8:15  Robotics Facility  
  60  8:16  Charge  
  62  8:27  Observer  
  62  8:33  Protoss Shields Level 1 (Chrono Boost)  
  63  8:53  Stalker x2  
  65  8:59  Nexus  
  65  9:01  Pylon  
  65  9:04  Pylon  
  65  9:09  Stalker x3  
  71  9:16  Probe x2  
  73  9:34  Gateway  
  73  9:36  Immortal, Observer  
  78  9:47  Assimilator  
  78  9:55  Assimilator  
  78  9:56  Stalker x2  
  78  9:57  Stalker  
  84  10:02  Stalker  
  86  10:12  Stalker  
  86  10:13  Stalker  
  90  10:17  Probe x2  
  90  10:18  Probe  
  90  10:19  Protoss Ground Weapons Level 3 (Chrono Boost)  
  93  10:29  Probe x2  
  93  10:30  Probe  
  96  10:40  Stalker x2  
  96  10:41  Probe x2  
  96  10:42  Probe, Stalker  
  105  10:58  Stalker x4  
  105  11:00  Probe  
  105  11:01  Probe  
  105  11:03  Probe  
  116  11:15  Psionic Storm  
  116  11:19  High Templar x2  
  116  11:20  High Templar  
  116  11:22  High Templar  
  116  11:24  Archon  
  124  11:26  Archon  
  124  11:47  Nexus  
  124  11:48  Stalker x3, Pylon  
  124  11:49  Pylon  
  130  11:59  Stalker  
  130  12:00  Stalker x2  
  130  12:01  Stalker  
  138  12:04  Stalker  
  140  12:11  Probe x2  
  140  12:12  Probe  
  143  12:23  Probe x2  
  143  12:24  Probe  
  142  12:53  Protoss Shields Level 2 (Chrono Boost)  
  66  13:41  Stalker x2  
  66  13:42  Stalker x4  
  66  13:43  Stalker x3  
  66  13:45  Stalker  
  86  13:49  Observer x2  
  88  13:59  Probe x4  
  92  14:11  Probe x4  
  92  14:15  Gateway  
  96  14:19  Gateway  
  96  14:23  Gateway  
  96  14:26  Gateway  
  96  14:28  Stalker x2  
  96  14:29  Stalker x3  
  96  14:30  Stalker x3, Gateway  
  96  14:31  Stalker x2  
  116  14:32  Assimilator  
  116  14:34  Assimilator  
  116  14:40  Gateway  
  116  14:49  Probe x4  
  116  14:51  Gateway  
  120  14:54  Gateway  
  120  14:55  Stalker x4  
  120  14:56  Stalker x2  
  120  14:57  Stalker x4, Gateway  
  140  15:06  Gateway  
  140  15:08  Gateway  
  140  15:11  Gateway  
  140  15:13  Protoss Ground Armor Level 1 (Chrono Boost)  
  140  15:14  Gateway  
  140  15:19  Stalker  
  140  15:20  Stalker x2  
  146  15:21  Stalker x2  
  150  15:33  Stalker  
  150  15:34  Stalker x3  
  158  15:35  High Templar x2  
  158  15:36  High Templar x2  
  158  15:37  High Templar  
  158  15:38  High Templar  
  170  15:44  Archon x2  
  170  15:45  Archon  
  170  15:53  Nexus  
  170  15:54  Pylon  
  170  15:56  Pylon  
  170  15:57  Pylon  
  170  16:00  Pylon  
  170  16:06  Pylon  
  170  16:11  Pylon  
  170  16:15  Stalker x4, Pylon  
  170  16:16  Stalker x2  
  170  16:17  Stalker x4, Pylon  
  100  16:51  Stalker  
  100  16:52  Stalker x5  
  100  16:53  Stalker x4  
  112  16:54  Stalker x3  
  112  16:55  Stalker  
  106  17:13  Protoss Shields Level 3 (Chrono Boost)  
  106  17:24  High Templar  
  106  17:25  High Templar x5  
  106  17:26  High Templar x2  
  106  17:29  Archon x3  
  122  17:31  Archon  
  122  17:33  Stalker x4  
  130  17:43  Stalker x3  
  136  17:51  Assimilator, Observer  
  137  17:52  Observer  
  137  17:54  Assimilator  
  137  17:56  Stalker  
  140  18:17  Stalker x3  
  140  18:18  Stalker x4  
  140  18:19  Stalker  
  80  19:10  Stalker x3  
  80  19:11  Stalker x4  
  80  19:12  Stalker x5  
  80  19:13  Stalker x4  
  80  19:14  Stalker x4  
  80  19:15  Stalker x3  
  126  19:45  Stalker x3  
  127  19:46  Stalker x3  
  127  19:47  Stalker x5  
  115  19:57  Protoss Ground Armor Level 2 (Chrono Boost)  
  115  19:58  Stalker x5  
  115  19:59  Stalker x4  
  66  20:39  Stalker x4  
  66  20:40  Stalker x4  
  66  20:41  Stalker x5  
  66  20:42  Stalker  
  94  20:44  Zealot x2  
  94  20:45  Zealot x5  
  104  21:23  Zealot  
  104  21:24  Zealot x4  
  104  21:25  Zealot x3  
  104  21:26  Zealot x3  
  104  21:27  Zealot x4  
  104  21:28  Zealot  
  98  21:42  Zealot x4  
  98  21:43  Zealot x3  
  98  21:45  Zealot  
  98  21:46  Zealot x3  
  120  21:47  Zealot x2  
Show
View Real Time Build Order
Export as new Build Order

MrFercho Zerg 

Build Orders: Hatch First 

Get SALT Encoding   

  12  0:00  Drone  
  13  0:12  Overlord  
  13  0:17  Drone  
  14  0:31  Drone x2  
  16  0:54  Drone  
  16  0:55  Hatchery  
  16  0:58  Drone  
  17  1:06  Drone  
  18  1:15  Extractor  
  17  1:23  Spawning Pool, Drone  
  17  1:24  Drone  
  18  1:28  Drone  
  19  1:45  Drone  
  20  1:49  Overlord  
  20  2:03  Drone  
  21  2:10  Queen  
  21  2:11  Queen  
  21  2:12  Zergling x4  
  27  2:25  Drone x2  
  29  2:34  Drone x2  
  31  2:39  Overlord  
  31  2:46  Metabolic Boost  
  31  2:50  Drone  
  32  2:57  Pneumatized Carapace  
  32  2:59  Drone x2  
  32  3:04  Drone  
  35  3:07  Drone  
  36  3:15  Drone  
  37  3:24  Drone x5  
  37  3:27  Overlord x2  
  42  3:29  Drone  
  43  3:34  Lair  
  43  3:35  Drone  
  43  3:40  Extractor  
  43  3:41  Queen  
  43  3:42  Extractor  
  44  3:53  Zergling x2  
  44  3:54  Zergling x10  
  50  4:12  Zergling x10  
  55  4:29  Zergling x6  
  58  4:54  Drone x2  
  60  5:08  Evolution Chamber  
  60  5:13  Overlord  
  60  5:14  Zergling x2  
  60  5:26  Overlord x3  
  60  5:37  Hydralisk Den  
  60  5:42  Baneling Nest  
  58  5:43  Zergling x20  
  68  6:11  Zergling x12  
  57  6:38  Hatchery  
  57  6:39  Drone x8, Extractor  
  63  6:40  Hatchery  
  63  6:41  Queen  
  63  6:44  Grooved Spines  
  64  7:00  Centrifical Hooks  
  64  7:11  Spire  
  63  7:18  Overseer  
  63  7:21  Spine Crawler  
  62  7:25  Spore Crawler  
  61  7:30  Overseer  
  61  7:32  Overlord x2  
  61  7:33  Overlord  
  61  7:37  Zerg Missile Weapons Level 1  
  61  7:47  Evolution Chamber  
  61  7:48  Overlord  
  61  7:49  Overlord  
  61  7:50  Overseer  
  60  7:52  Spore Crawler  
  60  7:55  Muscular Augments  
  59  8:00  Spine Crawler  
  59  8:01  Spine Crawler  
  57  8:13  Baneling x16  
  57  8:14  Baneling x16  
  57  8:20  Zerg Ground Armor Level 1  
  57  8:22  Drone  
  57  8:24  Drone x2  
  57  8:25  Drone x7  
  67  8:40  Hatchery  
  66  8:42  Infestation Pit  
  66  8:43  Extractor  
  66  8:44  Zerg Flyer Weapons Level 1  
  64  8:49  Hydralisk x2  
  68  9:04  Corruptor  
  54  9:25  Hydralisk x6  
  66  9:53  Hatchery, Drone x2  
  66  9:54  Drone x15  
  82  10:17  Corruptor x4  
  90  10:27  Spore Crawler  
  89  10:31  Spore Crawler  
  89  10:32  Hive  
  88  10:38  Zerg Flyer Weapons Level 2  
  88  10:52  Lurker Den  
  87  11:02  Extractor  
  87  11:03  Drone x3  
  89  11:05  Drone x4  
  89  11:09  Drone x7  
  89  11:10  Drone x8  
  108  11:19  Overlord x3  
  108  11:23  Spore Crawler  
  107  11:29  Drone, Extractor  
  107  11:30  Spine Crawler  
  107  11:31  Spine Crawler  
  107  11:32  Drone x2  
  107  11:33  Drone, Extractor  
  107  11:46  Queen  
  109  11:48  Corruptor  
  109  11:49  Corruptor  
  113  12:01  Seismic Spines  
  113  12:02  Hydralisk  
  113  12:03  Hydralisk x2  
  119  12:09  Overseer  
  119  12:32  Spire  
  118  12:42  Ultralisk Cavern  
  117  12:55  Zergling x16  
  117  12:56  Zergling x54  
  117  12:57  Zergling x8  
  156  12:59  Adaptive Talons  
  156  13:19  Zerg Missile Weapons Level 2  
  156  13:20  Zerg Ground Armor Level 2  
  150  13:47  Zergling x28  
  150  13:48  Zergling x18  
  147  13:54  Corruptor  
  147  13:55  Corruptor x5  
  116  14:31  Chitinous Plating  
  116  14:32  Nydus Network  
  116  14:34  Ultralisk x3  
  116  14:36  Overlord  
  133  15:10  Hatchery  
  133  15:14  Extractor x2  
  130  15:16  Greater Spire  
  130  15:18  Zerg Flyer Weapons Level 3  
  130  15:29  Corruptor x8  
  145  15:49  Anabolic Synthesis  
  145  16:09  Corruptor  
  145  16:10  Corruptor x8  
  163  16:45  Brood Lord x3  
  169  16:47  Brood Lord x3  
  169  16:49  Brood Lord x6  
  169  17:25  Overlord x2  
  169  17:26  Overlord x3  
  169  17:28  Overlord  
  169  17:29  Overlord x3  
  169  17:36  Zerg Flyer Armor Level 1  
  169  17:40  Zerg Missile Weapons Level 3  
  169  17:41  Zerg Ground Armor Level 3  
  169  17:52  Ultralisk x2  
  177  18:55  Nydus Canal  
  111  19:17  Corruptor  
  111  19:18  Corruptor x16  
  112  19:54  Nydus Canal  
  111  20:06  Corruptor x6  
  121  20:29  Viper  
  121  20:30  Viper  
  89  21:08  Corruptor  
  89  21:09  Corruptor x4  
  89  21:11  Zergling x20  
  99  21:12  Zergling x52  
  99  21:13  Zergling x8  
Show
View Real Time Build Order
Export as new Build Order

tigro Terran 

Build Orders:  

Get SALT Encoding   

  12  0:13  SCV  
  13  0:24  Supply Depot  
  13  0:26  SCV  
  14  0:38  SCV  
  15  0:47  Supply Depot  
  15  0:50  SCV  
  15  0:54  Barracks  
  16  1:02  SCV  
  16  1:03  Refinery  
  17  1:14  SCV  
  18  1:26  SCV  
  18  1:28  Refinery  
  19  1:38  SCV  
  20  1:42  Marine  
  21  1:50  SCV  
  22  1:59  Marine  
  23  2:02  SCV  
  24  2:13  Factory  
  24  2:15  SCV  
  25  2:17  Marine  
  25  2:19  Engineering Bay  
  26  2:35  Marine  
  27  2:53  Marine  
  28  2:59  Factory Tech Lab  
  28  3:03  Command Center  
  28  3:11  Barracks Tech Lab  
  28  3:14  Terran Infantry Weapons Level 1  
  28  3:27  Orbital Command  
  28  3:41  Missile Turret  
  28  3:51  Siege Tank  
  31  4:02  Missile Turret  
  31  4:23  Refinery  
  30  4:32  Marine  
  31  4:50  Marine  
  32  4:55  SCV  
  33  5:03  Siege Tank  
  33  5:06  Combat Shield  
  33  5:07  SCV  
  37  5:08  Marine, Terran Infantry Armor Level 1  
  38  5:19  SCV  
  39  5:25  Marine  
  39  5:26  Refinery  
  40  5:31  SCV  
  40  5:35  Siege Tank  
  44  5:43  SCV, Marine  
  44  5:45  Starport  
  45  5:55  SCV  
  40  6:04  Marine  
  40  6:07  SCV  
  42  6:19  SCV  
  42  6:22  Marine  
  42  6:25  Stimpack  
  44  6:28  Medivac  
  44  6:29  Armory  
  46  6:40  SCV, Marine  
  48  6:52  SCV  
  49  6:58  Marine  
  50  7:02  Neosteel Armor  
  50  7:04  SCV  
  51  7:16  Marine  
  51  7:19  SCV  
  53  7:27  Fusion Core  
  53  7:30  Terran Vehicle Weapons Level 1  
  53  7:31  SCV  
  53  7:33  Marine  
  53  7:35  Starport Tech Lab  
  55  7:44  SCV  
  56  7:56  SCV  
  57  8:08  SCV  
  58  8:18  Barracks  
  58  8:20  SCV  
  59  8:32  SCV  
  60  8:43  Hi-Sec Auto Tracking  
  46  9:04  Planetary Fortress  
  46  9:11  Marine  
  46  9:14  Medivac  
  50  9:17  Missile Turret  
  50  9:23  Barracks Reactor  
  49  9:24  Terran Vehicle And Ship Armor Level 1  
  49  9:29  Marine  
  50  9:37  Missile Turret  
  50  9:39  Terran Infantry Weapons Level 2  
  50  9:42  Weapon Refit  
  50  9:44  Battlecruiser  
  56  9:47  Marine  
  57  9:58  SCV  
  58  10:05  Marine  
  59  10:11  SCV  
  60  10:23  SCV, Missile Turret, Marine  
  62  10:43  Missile Turret  
  62  10:49  Supply Depot  
  62  11:08  Missile Turret  
  62  11:10  Marine x2, Thor  
  70  11:12  Supply Depot  
  70  11:17  Missile Turret  
  70  11:18  Terran Ship Weapons Level 1  
  70  11:22  Rapid Reignition System  
  70  11:30  SCV, Marine x3  
  74  11:34  Battlecruiser  
  74  11:35  Supply Depot  
  74  11:39  Missile Turret  
  80  11:42  SCV, Missile Turret  
  81  11:47  Marine x3  
  81  11:53  Thor  
  90  11:55  Terran Infantry Armor Level 2  
  90  11:58  Supply Depot  
  90  12:02  Missile Turret  
  90  12:04  Missile Turret  
  90  12:05  Marine x3  
  93  12:22  Supply Depot  
  93  12:23  Marine x3  
  93  12:25  Missile Turret  
  96  12:36  Thor  
  102  12:38  Battlecruiser  
  102  12:41  Marine x2  
  110  12:45  Command Center  
  110  12:50  Missile Turret  
  110  13:12  Terran Vehicle Weapons Level 2  
  67  13:34  Marine x3  
  68  13:42  Battlecruiser  
  74  13:52  Marine x3  
  66  14:10  Marine x3  
  69  14:18  Thor  
  75  14:27  Marine  
  75  14:28  Marine x2  
  78  14:33  Planetary Fortress  
  78  14:34  Refinery  
  78  14:44  Refinery  
  78  14:45  Marine x3  
  78  14:46  Medivac  
  83  15:01  Terran Infantry Weapons Level 3, Thor  
  83  15:03  Marine x3  
  92  15:16  Medivac  
  92  15:18  SCV  
  95  15:21  Marine  
  95  15:28  Terran Vehicle And Ship Armor Level 2  
  96  15:31  SCV  
  97  15:43  SCV  
  97  15:44  Thor  
  97  15:46  Battlecruiser  
  110  15:55  SCV  
  111  16:05  Marine x3  
  111  16:07  SCV  
  113  16:22  Marine  
  113  16:23  Marine x2  
  94  16:26  Thor  
  84  16:40  Marine  
  84  16:41  Marine x2  
  86  16:51  Battlecruiser  
  86  16:58  Marine x3  
  89  17:09  Thor  
  95  17:16  Marine x3  
  98  17:34  Marine x3  
  101  17:52  Marine x3, Thor  
  101  17:55  Medivac  
  112  18:09  Marine  
  112  18:10  Marine x2  
  115  18:24  Medivac  
  111  18:27  Marine  
  77  18:42  Marine x2  
  77  18:45  Marine  
  77  18:47  Thor  
  85  18:55  Battlecruiser  
  85  19:00  Marine x2  
  85  19:03  Marine  
  80  19:18  Marine x2  
  80  19:21  Marine  
  83  19:30  Thor  
  89  19:35  Marine  
  89  19:36  Marine  
  91  19:39  Marine  
  91  19:41  Missile Turret  
  92  19:59  Battlecruiser  
  98  20:03  Missile Turret  
  98  20:11  Command Center  
  98  20:13  Thor  
  98  20:25  Missile Turret  
  98  20:28  Marine x3  
  90  20:46  Marine x3  
  81  20:51  Refinery  
  81  20:56  Thor  
  87  21:03  Medivac  
  87  21:04  Marine x3  
  82  21:11  Refinery  
  82  21:21  Marine  
  82  21:22  Marine x2  
  85  21:33  Battlecruiser  
  85  21:38  Thor  
  85  21:39  Marine  
  98  21:47  Planetary Fortress  
  98  21:53  Marine x2  
  100  21:57  Marine  
  101  22:11  Marine x2  
  101  22:15  Marine  
  104  22:28  Marine  
  104  22:29  Marine  
  106  22:33  Marine  
Show
View Real Time Build Order
Export as new Build Order

DAMIANCA Terran 

Build Orders:  

Get SALT Encoding   

  12  0:00  SCV  
  13  0:12  SCV  
  14  0:20  Supply Depot  
  14  0:24  SCV  
  15  0:45  Barracks  
  15  0:52  Refinery  
  15  0:54  SCV, Refinery  
  16  1:06  SCV  
  16  1:08  Barracks  
  17  1:18  SCV  
  18  1:22  Supply Depot  
  18  1:43  Orbital Command  
  18  1:45  Reaper  
  19  1:53  Barracks  
  19  2:08  Reaper  
  20  2:16  Supply Depot  
  20  2:19  Reaper  
  21  2:25  SCV  
  22  2:37  SCV  
  22  2:40  Reaper  
  22  2:41  Factory  
  24  2:45  Reaper  
  24  2:49  SCV  
  24  2:51  Reaper  
  27  3:01  SCV  
  27  3:02  Engineering Bay  
  28  3:13  SCV  
  28  3:14  Barracks Tech Lab  
  28  3:17  Barracks Reactor  
  29  3:23  Barracks Reactor  
  29  3:34  Factory Tech Lab  
  29  3:39  Starport, Marine  
  30  3:51  Combat Shield  
  30  3:57  Marine  
  31  4:15  Marine  
  30  4:20  Marine  
  30  4:21  Marine x3  
  34  4:33  Marine  
  34  4:38  Marine x2  
  35  4:39  Marine x2  
  35  4:50  Marine, Siege Tank  
  35  4:52  Starport Reactor  
  39  5:03  Supply Depot  
  39  5:07  Supply Depot  
  39  5:11  Supply Depot  
  39  5:14  Terran Infantry Weapons Level 1  
  39  5:24  Marine x2  
  39  5:25  Marine x3, Widow Mine  
  46  5:28  Missile Turret  
  46  5:35  Missile Turret  
  46  5:38  SCV  
  46  5:42  Marine x5  
  52  5:59  Medivac x2  
  52  6:00  Marine x2  
  55  7:00  Command Center  
  55  7:04  Siege Tank  
  55  7:06  Marine x4  
  55  7:07  Marine  
  63  7:21  Viking, Medivac  
  67  7:24  Marine  
  68  7:31  Supply Depot  
  68  7:33  Terran Infantry Armor Level 1  
  68  7:35  Supply Depot  
  70  7:46  Widow Mine  
  70  7:53  Viking, Medivac  
  74  8:02  Supply Depot  
  74  8:07  Marine x3, Siege Tank  
  80  8:24  Orbital Command  
  80  8:25  Supply Depot  
  80  8:28  SCV  
  81  8:40  SCV  
  82  8:47  Supply Depot  
  81  8:52  SCV  
  69  9:05  SCV  
  46  9:27  Marine  
  46  9:28  Marine x4  
  46  9:29  Stimpack  
  51  9:31  Widow Mine  
  51  9:37  Liberator  
  56  9:45  Marine  
  56  9:46  Marine x4  
  61  9:53  Refinery, Widow Mine  
  61  9:54  Refinery  
  63  10:03  Marine x4  
  63  10:04  Marine  
  68  10:07  Factory  
  68  10:13  Starport  
  68  10:21  Armory  
  68  10:30  SCV  
  69  10:42  SCV  
  70  10:46  Missile Turret  
  70  10:51  Missile Turret  
  70  10:54  SCV  
  71  10:57  SCV  
  72  11:06  SCV, Missile Turret  
  72  11:09  SCV  
  74  11:11  Factory Tech Lab  
  74  11:12  Starport Tech Lab  
  74  11:14  Missile Turret  
  74  11:18  SCV  
  74  11:21  SCV  
  76  11:30  Widow Mine  
  84  11:33  SCV  
  84  11:35  Drilling Claws  
  84  11:38  Terran Infantry Weapons Level 2  
  85  11:40  Thor  
  85  11:41  Marine x5  
  90  11:52  Widow Mine  
  92  11:57  SCV  
  92  11:59  Marine x3  
  96  12:17  Command Center, Marine x5  
  101  12:25  Supply Depot  
  101  12:27  Supply Depot  
  101  12:34  Terran Vehicle Weapons Level 1, Marine  
  101  12:35  Marine x4  
  106  12:48  Supply Depot  
  46  13:33  Thor x2  
  54  13:34  Marine x3  
  54  13:35  Marine x2  
  59  13:44  Fusion Core  
  59  13:52  Marine x5  
  64  14:05  Missile Turret  
  64  14:10  Marine x5  
  69  14:18  Planetary Fortress  
  69  14:25  Refinery, Sensor Tower  
  69  14:27  Marine  
  69  14:28  Terran Infantry Armor Level 2, Marine x4  
  74  14:31  Terran Vehicle And Ship Armor Level 1  
  74  14:39  Viking x2  
  74  14:45  Marine  
  78  14:46  Marine x4  
  78  14:51  Battlecruiser  
  89  14:57  Widow Mine x2  
  93  15:03  Marine  
  93  15:04  Marine x4  
  93  15:05  SCV  
  99  15:12  SCV  
  99  15:13  SCV  
  101  15:18  SCV  
  102  15:24  SCV  
  102  15:25  SCV  
  104  15:30  SCV  
  104  15:31  Supply Depot x2  
  105  15:36  SCV  
  105  15:37  SCV  
  105  15:41  Supply Depot  
  107  15:48  SCV  
  107  15:49  SCV  
  109  15:55  Raven  
  111  16:00  SCV  
  111  16:02  SCV  
  113  16:12  SCV  
  113  16:14  SCV  
  115  16:22  SCV  
  116  16:34  SCV  
  116  16:46  SCV  
  117  17:00  Thor x2  
  129  17:02  Battlecruiser  
  129  17:03  Marine x4  
  129  17:04  Marine  
  129  17:06  Terran Ship Weapons Level 1  
  129  17:08  Terran Infantry Weapons Level 3  
  140  17:21  Marine x4  
  144  17:23  Missile Turret  
  144  17:25  Missile Turret  
  144  17:35  Missile Turret  
  144  17:42  Thor  
  144  17:43  Missile Turret, Thor  
  156  17:48  Refinery  
  156  17:56  Missile Turret  
  156  18:01  Viking x2  
  156  18:03  Marine  
  156  18:04  Marine x4  
  165  18:21  Marine x3  
  165  18:22  Marine x2  
  165  18:26  Widow Mine x2  
  174  18:32  Battlecruiser  
  180  18:36  Command Center  
  180  18:39  Marine x2  
  144  21:02  Thor x2  
  156  21:04  Starport Reactor  
  156  21:25  Starport  
  156  21:26  Starport  
  156  21:27  Starport, Factory  
  156  21:29  Marine  
  156  21:30  Marine x4  
  161  21:40  Planetary Fortress  
  161  21:44  Missile Turret  
  161  21:45  Thor x2  
  173  21:47  Marine  
  173  21:48  Marine x4  
  178  22:04  Missile Turret  
  178  22:05  Factory, Marine x2  
  178  22:06  Marine x2  
  180  22:18  Missile Turret  
  180  22:19  Missile Turret  
  180  22:20  Missile Turret  
  180  22:22  Refinery  
  180  22:23  Refinery  
Show
View Real Time Build Order
Export as new Build Order

XChiDO Terran 

Build Orders:  

Get SALT Encoding   

  12  0:01  SCV  
  13  0:19  SCV, Supply Depot  
  14  0:28  Refinery  
  14  0:31  SCV  
  15  0:47  Barracks  
  15  0:49  SCV  
  16  0:55  Refinery  
  16  1:01  SCV  
  17  1:13  Supply Depot  
  17  1:15  SCV  
  18  1:27  SCV  
  19  1:38  Engineering Bay  
  19  1:46  Barracks Tech Lab  
  19  1:47  Barracks  
  19  1:51  SCV  
  20  2:03  SCV  
  21  2:10  Supply Depot  
  21  2:16  SCV  
  22  2:25  Supply Depot  
  22  2:28  Factory  
  22  2:32  Missile Turret  
  22  2:37  SCV  
  23  2:51  Barracks  
  23  2:57  Barracks  
  23  2:59  Barracks Tech Lab  
  23  3:15  SCV, Starport  
  24  3:25  Combat Shield  
  24  3:47  Marine x2  
  24  3:48  Marine x2  
  28  3:53  Terran Infantry Weapons Level 1  
  28  3:54  Starport Tech Lab  
  28  4:04  Fusion Core  
  28  4:07  Barracks Reactor  
  28  4:20  Barracks Reactor  
  28  4:30  Missile Turret  
  28  4:45  Marine x2  
  28  4:46  Marine  
  28  4:47  Marine  
  32  5:01  Command Center  
  32  5:24  Marine x2  
  32  5:25  Marine x2  
  32  5:26  Marine x2  
  38  5:35  Factory Tech Lab  
  38  5:38  Armory  
  38  5:41  Cloaking Field  
  35  6:43  Marine x3  
  35  6:44  Marine x3  
  41  6:48  Battlecruiser  
  46  7:04  Command Center  
  46  7:07  Sensor Tower  
  46  7:20  Marine  
  47  7:27  Supply Depot  
  47  7:30  Supply Depot  
  47  7:49  Marine x5  
  52  8:02  Battlecruiser  
  58  8:10  Terran Vehicle And Ship Armor Level 1  
  58  8:41  Sensor Tower  
  44  9:38  Battlecruiser  
  50  10:04  Terran Ship Weapons Level 1  
  50  10:16  SCV  
  51  10:28  SCV  
  51  10:34  Marine x5  
  51  10:35  Marine  
  58  10:40  SCV  
  59  10:50  Command Center  
  59  10:53  SCV  
  59  10:54  Battlecruiser  
  66  11:05  SCV  
  67  11:22  SCV  
  68  11:34  SCV  
  69  11:40  Refinery  
  69  11:42  Refinery  
  69  11:46  SCV  
  70  11:58  SCV, Battlecruiser  
  77  12:10  SCV  
  78  12:23  SCV  
  79  12:35  SCV  
  79  12:36  Starport  
  74  12:47  SCV  
  57  13:17  Starport Tech Lab  
  48  13:49  Battlecruiser x2  
  60  13:56  Refinery  
  60  13:59  Refinery  
  56  14:22  SCV  
  57  14:27  SCV  
  58  14:34  SCV  
  59  14:39  SCV  
  60  14:52  SCV  
  61  14:59  Command Center  
  61  15:04  SCV  
  62  15:07  Terran Vehicle And Ship Armor Level 2  
  62  15:15  Armory  
  62  15:16  SCV  
  63  15:21  Terran Infantry Armor Level 1  
  63  15:40  SCV  
  64  15:52  SCV  
  65  16:04  SCV  
  66  16:16  SCV  
  67  16:28  SCV  
  68  16:53  SCV  
  68  16:57  SCV  
  69  17:05  SCV  
  69  17:08  Battlecruiser x2  
  82  17:10  SCV, Terran Ship Weapons Level 2  
  83  17:17  SCV  
  84  17:29  SCV  
  85  17:41  SCV  
  86  17:53  SCV  
  86  17:56  Refinery  
  87  18:05  SCV, Terran Vehicle And Ship Armor Level 3  
  88  18:17  SCV  
  89  18:29  SCV  
  90  20:48  Battlecruiser  
  90  21:45  SCV  
  91  21:55  Supply Depot  
  91  22:00  Supply Depot  
  91  22:04  Supply Depot  
  91  22:05  Orbital Command  
  91  22:09  Orbital Command  
Show
View Real Time Build Order
Export as new Build Order

ACR Protoss 

Build Orders: Carriers 

Get SALT Encoding   

  12  0:01  Probe  
  13  0:16  Pylon  
  13  0:18  Probe (Chrono Boost)  
  14  0:30  Probe (Chrono Boost)  
  15  0:36  Gateway  
  15  0:37  Probe (Chrono Boost)  
  16  0:48  Probe  
  17  0:53  Assimilator  
  17  1:00  Probe (Chrono Boost)  
  18  1:04  Forge  
  19  1:12  Probe (Chrono Boost)  
  19  1:21  Probe (Chrono Boost)  
  19  1:25  Zealot  
  22  1:32  Cybernetics Core  
  22  1:37  Probe  
  23  1:46  Pylon  
  23  1:49  Assimilator  
  23  2:04  Probe, Zealot  
  26  2:14  Pylon  
  26  2:18  Pylon  
  26  2:22  Photon Cannon  
  26  2:28  Probe (Chrono Boost)  
  27  2:35  Warp Gate  
  27  2:59  Nexus  
  27  3:03  Pylon  
  27  3:10  Probe (Chrono Boost)  
  28  3:19  Gateway  
  29  3:20  Probe (Chrono Boost)  
  29  3:32  Robotics Facility  
  29  3:38  Pylon  
  29  3:41  Stargate  
  29  3:52  Photon Cannon  
  29  3:59  Pylon  
  29  4:07  Photon Cannon  
  29  4:12  Probe  
  30  4:24  Probe, Robotics Facility  
  30  4:30  Pylon  
  31  4:36  Probe, Zealot  
  34  4:44  Zealot  
  36  4:49  Probe (Chrono Boost)  
  37  4:58  Probe (Chrono Boost)  
  38  5:03  Probe (Chrono Boost)  
  38  5:06  Photon Cannon  
  39  5:08  Photon Cannon  
  39  5:15  Probe  
  39  5:20  Stalker  
  42  5:21  Stalker  
  42  5:27  Probe (Chrono Boost)  
  45  5:37  Immortal  
  45  5:39  Probe (Chrono Boost)  
  50  5:44  Void Ray, Probe (Chrono Boost)  
  53  5:51  Zealot  
  53  5:52  Zealot  
  34  6:17  Zealot  
  34  6:18  Zealot  
  31  6:30  Probe (Chrono Boost)  
  31  6:31  Probe (Chrono Boost)  
  32  6:42  Probe (Chrono Boost)  
  33  6:48  Probe (Chrono Boost)  
  33  6:50  Probe (Chrono Boost)  
  35  6:54  Probe  
  36  7:02  Probe  
  36  7:06  Probe  
  38  7:14  Probe (Chrono Boost)  
  39  7:22  Probe (Chrono Boost)  
  40  7:26  Probe (Chrono Boost)  
  41  7:34  Probe (Chrono Boost)  
  41  7:35  Probe (Chrono Boost)  
  43  7:42  Probe (Chrono Boost)  
  45  7:44  Probe (Chrono Boost)  
  45  7:46  Probe (Chrono Boost)  
  45  7:49  Photon Cannon  
  46  7:54  Probe  
  46  7:57  Probe  
  48  8:09  Probe  
  48  8:10  Probe  
  50  8:19  Assimilator  
  50  8:21  Probe, Assimilator  
  50  8:22  Probe  
  52  8:30  Photon Cannon  
  52  8:33  Probe (Chrono Boost), Pylon  
  53  8:40  Probe (Chrono Boost)  
  54  8:43  Probe (Chrono Boost)  
  54  8:47  Probe (Chrono Boost)  
  56  8:50  Probe (Chrono Boost)  
  56  8:51  Zealot  
  56  8:52  Zealot  
  61  8:58  Probe (Chrono Boost)  
  63  9:04  Probe (Chrono Boost)  
  63  9:06  Probe (Chrono Boost)  
  64  9:12  Probe  
  64  9:15  Gateway  
  64  9:16  Immortal  
  69  9:18  Immortal  
  74  9:24  Probe (Chrono Boost)  
  74  9:27  Probe (Chrono Boost)  
  77  9:39  Probe (Chrono Boost)  
  77  9:42  Probe (Chrono Boost)  
  77  9:45  Probe (Chrono Boost)  
  77  9:47  Pylon  
  77  9:51  Stargate  
  78  9:54  Probe  
  78  9:59  Protoss Shields Level 1, Photon Cannon  
  79  10:04  Void Ray  
  83  10:09  Stalker  
  83  10:11  Zealot  
  87  10:21  Pylon  
  87  10:26  Shield Battery  
  87  10:29  Photon Cannon  
  87  10:56  Void Ray  
  91  11:02  Immortal  
  91  11:03  Immortal  
  99  11:06  Void Ray  
  103  11:13  Protoss Air Weapons Level 1  
  103  11:26  Nexus  
  103  11:32  Pylon  
  103  11:35  Pylon  
  103  11:38  Assimilator  
  103  11:43  Stalker  
  103  11:44  Stalker  
  107  12:00  Photon Cannon  
  107  12:02  Photon Cannon  
  107  12:05  Photon Cannon  
  107  12:09  Assimilator  
  107  12:19  Pylon  
  107  12:22  Fleet Beacon  
  107  12:33  Zealot  
  107  12:34  Zealot  
  107  12:35  Stalker  
  113  12:42  Probe (Chrono Boost)  
  115  12:51  Immortal  
  115  12:52  Probe (Chrono Boost)  
  115  12:56  Probe (Chrono Boost)  
  120  12:59  Protoss Ground Weapons Level 1  
  120  13:07  Probe  
  121  13:13  Void Ray  
  121  13:16  Carrier  
  121  13:19  Probe  
  132  13:21  Protoss Air Armor Level 1  
  132  13:40  Zealot  
  132  13:41  Zealot  
  132  13:43  Zealot  
  110  14:01  Zealot  
  102  14:03  Stalker  
  104  14:17  Pylon  
  104  14:19  Void Ray  
  104  14:23  Photon Cannon x2  
  108  14:26  Photon Cannon  
  108  14:32  Probe (Chrono Boost)  
  110  14:39  Probe (Chrono Boost)  
  110  14:41  Zealot  
  110  14:42  Probe (Chrono Boost), Zealot x2  
  110  14:44  Void Ray  
  110  14:45  Probe (Chrono Boost)  
  121  14:52  Stargate  
  122  14:54  Stargate  
  122  14:56  Stargate  
  122  14:59  Stargate  
  122  15:03  Pylon  
  122  15:07  Twilight Council  
  122  15:10  Probe (Chrono Boost)  
  123  15:14  Photon Cannon  
  123  15:16  Photon Cannon  
  123  15:19  Probe (Chrono Boost)  
  123  15:20  Photon Cannon  
  124  15:21  Shield Battery  
  124  15:24  Photon Cannon  
  124  15:26  Stalker  
  124  15:27  Stalker x2  
  130  15:33  Probe  
  131  15:45  Probe (Chrono Boost), Photon Cannon  
  131  15:47  Photon Cannon  
  132  15:55  Zealot  
  132  15:56  Zealot  
  136  15:57  Stalker  
  136  16:01  Carrier  
  136  16:02  Carrier x2  
  136  16:03  Void Ray  
  160  16:15  Pylon  
  160  16:18  Zealot  
  162  16:19  Zealot  
  162  16:25  Pylon  
  160  16:26  Flux Vanes  
  160  16:27  Charge  
  160  16:36  Pylon  
  134  17:02  Pylon  
  134  17:05  Pylon  
  134  17:09  Zealot x2  
  134  17:10  Zealot  
  140  17:15  Void Ray  
  140  17:16  Void Ray  
  140  17:18  Carrier x2  
  140  17:21  Protoss Shields Level 2  
  158  18:09  Zealot x2  
  158  18:10  Zealot  
  151  18:17  Gateway  
  151  18:18  Gateway  
  147  18:34  Pylon  
  147  18:36  Pylon  
  147  18:38  Zealot x2  
  147  18:39  Zealot  
  148  18:55  Immortal  
  150  18:56  Immortal  
  150  19:38  Photon Cannon  
  150  19:43  Pylon  
  150  19:51  Nexus  
  150  20:04  Assimilator  
  150  20:06  Pylon  
  150  20:09  Pylon  
  150  20:14  Zealot  
  150  20:15  Zealot  
  152  20:36  Void Ray  
  152  20:41  Void Ray  
  157  21:19  Zealot  
  157  21:20  Probe (Chrono Boost), Zealot x2  
  157  21:27  Probe  
  154  21:34  Pylon  
  154  21:37  Stalker x2  
  154  21:39  Probe (Chrono Boost)  
  159  21:51  Probe (Chrono Boost)  
  160  21:56  Probe (Chrono Boost)  
  161  22:05  Probe  
  162  22:09  Probe  
  148  22:36  Zealot x2  
  140  22:37  Zealot x2  
  140  22:38  Zealot  
Tags
 
Add a new tag
Caveats
  • Supply blocks, unpowered buildings, or Contaminate may cause inaccurate times.
  • Supply counts are checked every 10 seconds.